Map: Ulrena

Players

Polt

  • Race: Terran Terran

Snute - Winner!

  • Race: Zerg Zerg

Event: 2016 WCS Winter Circuit Championship

VOD

Have the link to the VOD?

Description

Time

  • Played on: March 5, 2016, 9:52 a.m.
  • Length: 12:15

All games in this series

Show
View Real Time Build Order
Export as new Build Order

Polt Terran 

Build Orders: MMM Bio 

Get SALT Encoding   

  12  0:00  SCV  
  13  0:12  SCV  
  14  0:17  Supply Depot  
  14  0:25  SCV  
  15  0:39  SCV, Barracks  
  16  0:51  SCV  
  17  1:03  SCV  
  18  1:15  Command Center  
  18  1:18  SCV  
  19  1:26  Marine  
  19  1:30  Orbital Command  
  20  1:44  Barracks, Marine  
  21  1:53  Barracks  
  21  2:02  Supply Depot  
  21  2:04  Marine  
  21  2:06  SCV  
  23  2:19  Barracks  
  23  2:23  Barracks  
  23  2:26  Marine  
  24  2:32  Marine  
  25  2:38  Orbital Command  
  25  2:40  Marine  
  25  2:43  Marine  
  27  2:45  SCV  
  27  2:49  Marine  
  29  2:58  Marine  
  27  3:01  Marine  
  27  3:02  SCV  
  27  3:03  SCV  
  31  3:07  Marine x2  
  31  3:10  Marine  
  34  3:16  Marine  
  34  3:18  Supply Depot  
  34  3:19  Marine  
  36  3:23  SCV  
  36  3:25  SCV, Marine x2  
  40  3:28  Marine  
  40  3:33  Supply Depot  
  40  3:34  Marine  
  41  3:37  Marine  
  41  3:41  SCV x2  
  44  3:43  Marine x2  
  44  3:46  Marine  
  48  3:52  Marine  
  48  3:55  Marine  
  49  4:00  SCV x2, Marine  
  49  4:01  Marine  
  50  4:05  Marine  
  50  4:09  Marine  
  45  4:12  SCV x2  
  45  4:13  Marine  
  39  4:18  Marine x2  
  39  4:23  Marine  
  37  4:25  SCV  
  37  4:27  Marine  
  37  4:30  Marine  
  36  4:35  SCV  
  36  4:36  Marine x2  
  39  4:39  SCV  
  39  4:41  Marine  
  39  4:45  Marine  
  42  4:47  SCV  
  42  4:48  Refinery, Marine  
  42  4:50  Refinery  
  44  4:53  SCV  
  44  4:54  Marine x2  
  44  4:59  SCV, Marine  
  49  5:03  Marine  
  49  5:06  Marine  
  49  5:12  Marine x2  
  48  5:16  Marine  
  48  5:17  SCV x2  
  48  5:21  Marine  
  47  5:24  Marine  
  45  5:29  Marine  
  45  5:30  SCV x2, Marine  
  45  5:35  Barracks Tech Lab  
  49  5:40  Supply Depot  
  49  5:42  SCV x2  
  51  5:45  Barracks Reactor  
  51  5:49  Barracks Reactor  
  51  5:51  Barracks Tech Lab  
  51  5:54  SCV x2  
  51  5:57  Barracks Reactor, Marine  
  53  6:02  Supply Depot  
  53  6:03  Supply Depot  
  54  6:06  SCV x2  
  54  6:10  Refinery  
  54  6:11  Marine  
  56  6:15  Marine  
  56  6:16  Stimpack  
  56  6:18  SCV x2  
  59  6:24  Marine  
  59  6:25  Marine x3  
  64  6:29  Refinery  
  64  6:30  SCV x2, Marine  
  64  6:31  Supply Depot x2  
  67  6:32  Marine x3  
  67  6:33  Combat Shields  
  70  6:48  Factory  
  70  6:50  SCV  
  70  6:51  SCV  
  70  6:52  Marauder, Marine x2  
  70  6:53  Marine x4  
  80  6:54  Marauder  
  80  7:01  Engineering Bay  
  82  7:02  Supply Depot  
  84  7:13  Marauder  
  84  7:14  Marine x6  
  90  7:16  Marauder  
  91  7:32  Factory Reactor  
  91  7:33  Starport  
  91  7:36  Terran Infantry Weapons Level 1  
  91  7:44  Marauder x2, Marine x6  
  101  7:56  Concussive Shells  
  101  7:58  Supply Depot x2  
  101  8:02  Marine x6  
  107  8:06  Marauder  
  107  8:07  Supply Depot  
  107  8:09  Supply Depot  
  109  8:19  Marauder, Medivac x2  
  115  8:24  Marine x4  
  115  8:26  Marine  
  120  8:27  Marauder  
  120  8:28  Marine  
  123  8:41  Supply Depot, Marauder  
  125  8:45  Marine x5  
  125  8:47  Marine  
  131  8:49  Medivac x2  
  135  9:05  Marine x2  
  135  9:06  Marauder x2, Marine x4  
  145  9:17  Supply Depot  
  145  9:19  Supply Depot, Medivac x2  
  149  9:26  Marine  
  150  9:31  Terran Infantry Armor Level 1  
  150  9:38  Marine x4  
  150  9:39  Marauder x2  
  150  9:40  Marine  
  159  9:48  Marine  
  160  9:56  Marine x4  
  160  10:00  Marauder x2  
  147  10:07  Marine x2  
  147  10:14  Marine x2  
  141  10:18  Medivac x2  
  144  10:21  Marauder x2  
  144  10:24  Marine x2  
  146  10:42  Marine x6  
  152  10:43  Marauder x2  
  152  10:46  Orbital Command  
  156  10:53  Medivac x2  
  162  11:11  Marauder x2, Marine x4  
  162  11:13  Marine  
  162  11:15  Marine  
  85  11:34  Marauder x2, Marine x6  
  85  11:53  Marine x6  
Show
View Real Time Build Order
Export as new Build Order

Snute Zerg - Winner!

Build Orders: Hatch First 

Get SALT Encoding   

  12  0:00  Drone  
  13  0:12  Overlord  
  13  0:17  Drone  
  14  0:31  Drone x2  
  14  0:34  Drone  
  17  0:57  Hatchery, Drone  
  17  1:02  Drone  
  18  1:05  Extractor  
  17  1:17  Spawning Pool  
  16  1:19  Drone  
  16  1:24  Drone  
  18  1:28  Drone  
  19  1:38  Overlord  
  19  2:04  Queen, Zergling x4  
  23  2:08  Queen  
  23  2:09  Zergling x2  
  23  2:11  Drone  
  27  2:20  Drone  
  27  2:21  Drone  
  29  2:26  Roach Warren  
  28  2:31  Drone  
  28  2:34  Overlord  
  29  2:42  Overlord  
  27  3:06  Roach x5  
  27  3:12  Roach x2  
  41  3:14  Roach  
  41  3:19  Roach  
  45  3:22  Roach  
  47  3:28  Zergling x4  
  47  3:31  Ravager  
  50  3:34  Overlord  
  50  3:38  Zergling x2  
  51  3:56  Drone  
  51  3:57  Drone x6  
  51  4:12  Drone  
  51  4:13  Drone x3  
  46  4:17  Drone x3  
  46  4:21  Drone  
  49  4:24  Drone  
  49  4:30  Roach  
  48  4:34  Roach  
  48  4:36  Queen  
  48  4:37  Queen  
  50  4:40  Roach  
  50  4:45  Roach  
  54  4:51  Roach  
  56  4:57  Roach x2  
  60  5:05  Overlord  
  60  5:06  Overlord  
  52  5:17  Roach x4  
  57  5:22  Drone  
  57  5:27  Extractor  
  58  5:28  Drone  
  58  5:30  Drone  
  59  5:37  Hatchery  
  59  5:38  Queen x2  
  62  5:44  Ravager  
  62  5:46  Drone  
  62  5:47  Drone x3  
  62  5:48  Extractor  
  66  5:53  Drone x4  
  66  5:56  Roach x2  
  74  6:13  Overlord  
  74  6:17  Roach  
  76  6:21  Overlord  
  76  6:22  Overlord  
  76  6:32  Roach x4  
  84  6:33  Overlord  
  84  6:37  Extractor  
  83  6:41  Roach  
  83  6:42  Ravager  
  83  6:43  Ravager  
  83  6:46  Roach x2  
  91  6:52  Drone  
  91  6:53  Drone x3  
  95  6:54  Drone  
  95  6:59  Overlord  
  98  7:01  Roach x3  
  98  7:03  Roach  
  104  7:11  Overlord  
  104  7:16  Drone  
  104  7:17  Drone x4  
  104  7:19  Drone  
  104  7:21  Drone  
  111  7:29  Drone x2  
  113  7:31  Lair  
  113  7:32  Drone x2  
  113  7:33  Evolution Chamber  
  113  7:34  Drone x2, Evolution Chamber  
  113  7:37  Drone x3  
  118  7:47  Extractor, Roach x5  
  118  7:49  Extractor  
  126  7:51  Roach  
  126  7:53  Roach  
  126  7:54  Overlord  
  130  7:59  Overlord  
  130  8:00  Zerg Missile Weapons Level 1  
  130  8:01  Zerg Ground Armor Level 1  
  130  8:03  Overlord  
  130  8:15  Roach x3  
  130  8:16  Roach  
  138  8:20  Roach x4  
  138  8:21  Overlord  
  138  8:22  Overlord  
  138  8:24  Ravager  
  138  8:25  Ravager x2  
  138  8:26  Roach  
  151  8:32  Roach  
  153  8:34  Glial Reconstitution  
  153  8:42  Roach x5  
  153  8:46  Overlord  
  163  8:49  Overlord  
  163  8:51  Ravager x2  
  163  8:53  Roach  
  163  8:54  Roach  
  169  9:00  Infestation Pit  
  168  9:03  Queen  
  168  9:07  Roach x4  
  178  9:11  Spore Crawler  
  178  9:13  Roach x2  
  178  9:16  Ravager  
  182  9:18  Ravager  
  183  9:25  Overlord x2  
  183  9:45  Infestor x2  
  181  9:48  Queen x3  
  184  10:13  Roach  
  184  10:14  Roach x11  
  192  10:19  Roach x3  
  200  10:45  Spore Crawler  
  199  10:53  Spore Crawler  
  199  10:55  Ravager x2  
  200  11:07  Spore Crawler  
  200  11:08  Spore Crawler  
  170  11:22  Roach x20  
  192  11:33  Roach x2  
  192  11:49  Roach  
  192  11:50  Roach x5  
  190  11:54  Roach  
Tags
 
Add a new tag
Caveats
  • Supply blocks, unpowered buildings, or Contaminate may cause inaccurate times.
  • Supply counts are checked every 10 seconds.